NCAA
INDIANA HOOSIERS @ SOUTH FLORIDA BULLS
05/18/2023
 
TOP OF THE 1ST
Indiana Hoosiers batting - Pitching for South Florida Bulls : RHP Sid Allen
Pitching: RHP Sid Allen
Batting: LHB Dane Chapman 0-0: Foul Ball, location: 2F
0-1: Ball
1-1: Called Strike
1-2: Ball
2-2: Fly out, F8 (Flyball, 8LS)
Batting: RHB Gus Bryant 0-0: Ball
1-0: Swinging Strike
1-1: Called Strike
1-2: Strikes out swinging
Batting: LHB Marvin Morris 0-0: Ball
1-0: Called Strike
1-1: Swinging Strike
1-2: Ball
2-2: Strikes out swinging
Top of the 1st over - 0 run(s), 0 hit(s), 0 error(s), 0 left on base; Indiana 0 - South Florida 0
BOTTOM OF THE 1ST
South Florida Bulls batting - Pitching for Indiana Hoosiers : RHP Matt Stevenson
Pitching: RHP Matt Stevenson
Batting: LHB Bob Bush 0-0: Foul Ball, location: 2F
0-1: Foul Ball, location: 2F
0-2: Strikes out swinging
Batting: RHB Jon Krohne 0-0: Ball
1-0: Fly out, F7 (Flyball, 7M)
Batting: RHB John Little 0-0: SINGLE (Line Drive, 34)
Batting: SHB Tex White 0-0: Called Strike
0-1: Foul Ball, location: 2F
0-2: Strikes out swinging
Bottom of the 1st over - 0 run(s), 1 hit(s), 0 error(s), 1 left on base; Indiana 0 - South Florida 0
TOP OF THE 2ND
Indiana Hoosiers batting - Pitching for South Florida Bulls : RHP Sid Allen
Batting: RHB Eric Knight 0-0: Ball
1-0: Foul Ball, location: 2F
1-1: Foul Ball, location: 2F
1-2: Foul Ball, location: 2F
1-2: Strikes out swinging
Batting: LHB Victor Reese 0-0: Called Strike
0-1: Swinging Strike
0-2: Ball
1-2: Ball
2-2: Foul Ball, location: 2F
2-2: Ball
3-2: Strikes out looking
Batting: RHB Pat Fry 0-0: Ball
1-0: DOUBLE (Line Drive, 89M)
Batting: RHB William Benton 0-0: Ball
1-0: Swinging Strike
1-1: Ball
2-1: Called Strike
2-2: Strikes out swinging
Top of the 2nd over - 0 run(s), 1 hit(s), 0 error(s), 1 left on base; Indiana 0 - South Florida 0
BOTTOM OF THE 2ND
South Florida Bulls batting - Pitching for Indiana Hoosiers : RHP Matt Stevenson
Batting: RHB Mark Parker 0-0: Ball
1-0: Ground out 6-3 (Groundball, 6)
Batting: SHB Roberto Torres 0-0: Ball
1-0: Ball
2-0: Called Strike
2-1: Ball
3-1: Base on Balls
Batting: LHB Bob Jacobs 0-0: Ball
1-0: Grounds into double play, 4-6-3 (Groundball, 4)
Bottom of the 2nd over - 0 run(s), 0 hit(s), 0 error(s), 0 left on base; Indiana 0 - South Florida 0
TOP OF THE 3RD
Indiana Hoosiers batting - Pitching for South Florida Bulls : RHP Sid Allen
Batting: LHB Arturo Álvarez 0-0: Called Strike
0-1: Foul Ball, location: 2F
0-2: Foul Ball, location: 2F
0-2: Strikes out looking
Batting: RHB Jaime Morán 0-0: Bunted foul
0-1: Ball
1-1: Foul Ball, location: 2F
1-2: Strikes out swinging
Batting: LHB Dane Chapman 0-0: Ball
1-0: Ball
2-0: Ball
3-0: Called Strike
3-1: Called Strike
3-2: Foul Ball, location: 2F
3-2: Strikes out swinging
Top of the 3rd over - 0 run(s), 0 hit(s), 0 error(s), 0 left on base; Indiana 0 - South Florida 0
BOTTOM OF THE 3RD
South Florida Bulls batting - Pitching for Indiana Hoosiers : RHP Matt Stevenson
Batting: RHB Rafael Martínez 0-0: Ball
1-0: Swinging Strike
1-1: Called Strike
1-2: DOUBLE (Groundball, 3L)
Batting: RHB Doug Jones 0-0: SINGLE (Line Drive, 56)
Rafael Martínez to third
Runner from 3rd tries for Home, SAFE, no throw or cutoff
Batting: LHB Bob Bush 0-0: Fly out, F7 (Flyball, 7LS)
Batting: RHB Jon Krohne 0-0: Called Strike
0-1: Ball
1-1: Ball
2-1: SINGLE (Line Drive, 89S)
Doug Jones to second
Runner from 2nd tries for 3rd, SAFE, throw made to third
Batting: RHB John Little 0-0: Ball
1-0: Swinging Strike
1-1: Fly out, F8 (Line Drive, 8LM)
Runner from 3rd tags up, SCORES, no throw
Batting: SHB Tex White 0-0: Called Strike
0-1: SINGLE (Line Drive, 9S)
Jon Krohne to second
Batting: RHB Mark Parker 0-0: Foul Ball, location: 2F
0-1: SINGLE (Line Drive, 78S)
Jon Krohne to third
Tex White to second
Runner from 3rd tries for Home, SAFE, no throw or cutoff
Batting: SHB Roberto Torres 0-0: Foul Ball, location: 2F
0-1: Fly out, F5 (Popup, 25F)
Bottom of the 3rd over - 3 run(s), 5 hit(s), 0 error(s), 2 left on base; Indiana 0 - South Florida 3
TOP OF THE 4TH
Indiana Hoosiers batting - Pitching for South Florida Bulls : RHP Sid Allen
Batting: RHB Gus Bryant 0-0: Called Strike
0-1: Swinging Strike
0-2: Foul Ball, location: 2F
0-2: Ball
1-2: Strikes out swinging
Batting: LHB Marvin Morris 0-0: SINGLE (Groundball, 5D)
Batting: RHB Eric Knight 0-0: Ball
1-0: Called Strike
1-1: Ball
2-1: Ball
3-1: Called Strike
3-2: Base on Balls
Marvin Morris to second
Batting: LHB Victor Reese 0-0: Called Strike
0-1: Ball
1-1: Foul Ball, location: 2F
1-2: Foul Ball, location: 2F
1-2: Foul Ball, location: 2F
1-2: Strikes out swinging
Batting: RHB Pat Fry 0-0: Called Strike
0-1: Swinging Strike
0-2: Foul Ball, location: 2F
0-2: Ball
1-2: Foul Ball, location: 2F
1-2: Ball
2-2: Fielders Choice at 2nd, 5-4 (Groundball, 56)
Top of the 4th over - 0 run(s), 1 hit(s), 0 error(s), 1 left on base; Indiana 0 - South Florida 3
BOTTOM OF THE 4TH
South Florida Bulls batting - Pitching for Indiana Hoosiers : RHP Matt Stevenson
Batting: LHB Bob Jacobs 0-0: Called Strike
0-1: Ball
1-1: Ground out U3 (Groundball, 3S)
Batting: RHB Rafael Martínez 0-0: Foul Ball, location: 2F
0-1: Ball
1-1: Foul Ball, location: 2F
1-2: Fly out, F8 (Flyball, 8RM)
Batting: RHB Doug Jones 0-0: Ball
1-0: Called Strike
1-1: Ball
2-1: Foul Ball, location: 2F
2-2: SINGLE (Groundball, 56D)
Batting: LHB Bob Bush 0-0: Ball
1-0: Ball
2-0: Ball
3-0: Called Strike
3-1: Ground out 4-3 (Groundball, 4)
Bottom of the 4th over - 0 run(s), 1 hit(s), 0 error(s), 1 left on base; Indiana 0 - South Florida 3
TOP OF THE 5TH
Indiana Hoosiers batting - Pitching for South Florida Bulls : RHP Sid Allen
Batting: RHB William Benton 0-0: Ball
1-0: Swinging Strike
1-1: Ball
2-1: Swinging Strike
2-2: SOLO HOME RUN (Flyball, 89XD), Distance : 387 ft
Batting: LHB Arturo Álvarez 0-0: Ball
1-0: Ball
2-0: Ball
3-0: Called Strike
3-1: Called Strike
3-2: Foul Ball, location: 2F
3-2: Foul Ball, location: 2F
3-2: Base on Balls
Pitching: LHP Sam Lucas
Batting: RHB Jaime Morán 0-0: Ball
Arturo Álvarez is caught stealing 2nd base
1-0: Ball
2-0: Fly out, F7 (Line Drive, 78M)
Batting: LHB Dane Chapman 0-0: Swinging Strike
0-1: Called Strike
0-2: Strikes out swinging
Top of the 5th over - 1 run(s), 1 hit(s), 0 error(s), 0 left on base; Indiana 1 - South Florida 3
BOTTOM OF THE 5TH
South Florida Bulls batting - Pitching for Indiana Hoosiers : RHP Matt Stevenson
Batting: RHB Jon Krohne 0-0: Fly out, F8 (Flyball, 8RM)
Batting: RHB John Little 0-0: Called Strike
0-1: Ground out 4-3 (Groundball, 4)
Batting: SHB Tex White 0-0: Ground out 6-3 (Groundball, 6)
Bottom of the 5th over - 0 run(s), 0 hit(s), 0 error(s), 0 left on base; Indiana 1 - South Florida 3
TOP OF THE 6TH
Indiana Hoosiers batting - Pitching for South Florida Bulls : LHP Sam Lucas
Batting: RHB Gus Bryant 0-0: Ball
1-0: Ball
2-0: Ball
3-0: Called Strike
3-1: Ground out 1-3 (Groundball, 15)
Batting: LHB Marvin Morris 0-0: Ball
1-0: Ground out 4-3 (Groundball, 34)
Batting: RHB Eric Knight 0-0: Ball
1-0: Called Strike
1-1: Called Strike
1-2: Fly out, F8 (Flyball, 8LM)
Top of the 6th over - 0 run(s), 0 hit(s), 0 error(s), 0 left on base; Indiana 1 - South Florida 3
BOTTOM OF THE 6TH
South Florida Bulls batting - Pitching for Indiana Hoosiers : RHP Matt Stevenson
Batting: RHB Mark Parker 0-0: Ball
1-0: Ball
2-0: Swinging Strike
2-1: Called Strike
2-2: Strikes out swinging
Batting: SHB Roberto Torres 0-0: Ball
1-0: Foul Ball, location: 2F
1-1: SINGLE (Groundball, 4MD)
Batting: LHB Bob Jacobs 0-0: Ball
1-0: Ball
2-0: SINGLE (Line Drive, 9LS)
Roberto Torres to second
Pitching: RHP Charles Piper
Batting: RHB Rafael Martínez 0-0: Called Strike
0-1: Swinging Strike
0-2: Ball
1-2: Ball
2-2: Strikes out swinging
Batting: RHB Doug Jones 0-0: Ball
1-0: SINGLE (Groundball, 56D)
Roberto Torres to third
Bob Jacobs to second
Runner from 3rd tries for Home, SAFE, no throw or cutoff
Batting: LHB Bob Bush 0-0: Called Strike
0-1: Foul Ball, location: 2F
0-2: Ball
1-2: Fly out, F8 (Flyball, 8LS)
Bottom of the 6th over - 1 run(s), 3 hit(s), 0 error(s), 2 left on base; Indiana 1 - South Florida 4
TOP OF THE 7TH
Indiana Hoosiers batting - Pitching for South Florida Bulls : LHP Sam Lucas
Batting: LHB Victor Reese 0-0: Ball
1-0: Ball
2-0: Ball
3-0: Base on Balls
Pitching: RHP Tyler Kirkland
Batting: RHB Pat Fry 0-0: Called Strike
0-1: Ball
1-1: Ball
2-1: Foul Ball, location: 2F
2-2: Strikes out looking
Batting: RHB William Benton 0-0: Called Strike
0-1: Ball
1-1: Grounds into double play, 5-4-3 (Groundball, 5)
Top of the 7th over - 0 run(s), 0 hit(s), 0 error(s), 0 left on base; Indiana 1 - South Florida 4
BOTTOM OF THE 7TH
South Florida Bulls batting - Pitching for Indiana Hoosiers : RHP Charles Piper
Batting: RHB Jon Krohne 0-0: Ball
1-0: Ball
2-0: Ball
3-0: Called Strike
3-1: Base on Balls
Batting: RHB John Little 0-0: Foul Ball, location: 2F
0-1: Foul Ball, location: 2F
0-2: Ball
1-2: Foul Ball, location: 2F
1-2: Strikes out swinging
Batting: SHB Tex White 0-0: Fly out, F3 (Popup, 13)
Batting: RHB Mark Parker 0-0: Ball
1-0: Ball
2-0: Fly out, F7 (Flyball, 78S)
Bottom of the 7th over - 0 run(s), 0 hit(s), 0 error(s), 1 left on base; Indiana 1 - South Florida 4
TOP OF THE 8TH
Indiana Hoosiers batting - Pitching for South Florida Bulls : RHP Tyler Kirkland
Now at C: Christian Mason
Batting: LHB Arturo Álvarez 0-0: Bunted foul
0-1: Ball
1-1: Called Strike
1-2: Strikes out looking
Batting: RHB Jaime Morán 0-0: Called Strike
0-1: Foul Ball, location: 2F
0-2: Reached on error, E6 (Groundball, 6M)
Pitching: RHP Cory Powell
Batting: LHB Dane Chapman 0-0: Called Strike
0-1: Fly out, F7 (Flyball, 78M)
Batting: RHB Gus Bryant 0-0: Ball
1-0: Foul Ball, location: 2F
1-1: Ball
2-1: Swinging Strike
2-2: Ball
3-2: Foul Ball, location: 2F
3-2: Fly out, F6 (Line Drive, 6)
Top of the 8th over - 0 run(s), 0 hit(s), 1 error(s), 1 left on base; Indiana 1 - South Florida 4
BOTTOM OF THE 8TH
South Florida Bulls batting - Pitching for Indiana Hoosiers : RHP Charles Piper
Batting: SHB Roberto Torres 0-0: Called Strike
0-1: Ball
1-1: Swinging Strike
1-2: Foul Ball, location: 2F
1-2: Strikes out swinging
Pitching: RHP Juan Garza
Batting: LHB Bob Jacobs 0-0: Ball
1-0: Foul Ball, location: 2F
1-1: Ball
2-1: Swinging Strike
2-2: Foul Ball, location: 2F
2-2: Strikes out swinging
Batting: RHB Rafael Martínez 0-0: Ball
1-0: Ball
2-0: SINGLE (Groundball, 6D)
Batting: RHB Doug Jones 0-0: Ball
Pickoff Throw to First - Error! E1
Rafael Martínez to second
1-0: Called Strike
1-1: Ball
2-1: Ball
3-1: Base on Balls
Batting: LHB Bob Bush 0-0: Called Strike
0-1: Ball
1-1: Swinging Strike
1-2: Strikes out swinging
Bottom of the 8th over - 0 run(s), 1 hit(s), 1 error(s), 2 left on base; Indiana 1 - South Florida 4
TOP OF THE 9TH
Indiana Hoosiers batting - Pitching for South Florida Bulls : RHP Cory Powell
Pitching: RHP Carson Branton
Batting: LHB Marvin Morris 0-0: Called Strike
0-1: Called Strike
0-2: Ball
1-2: Ball
2-2: Foul Ball, location: 2F
2-2: Strikes out swinging
Batting: RHB Eric Knight 0-0: Ball
1-0: Called Strike
1-1: Called Strike
1-2: Ball
2-2: Ball
3-2: Base on Balls
Batting: LHB Victor Reese 0-0: Ball
1-0: Fly out, F8 (Flyball, 8LM)
Batting: RHB Pat Fry 0-0: Ball
1-0: Swinging Strike
1-1: Ball
2-1: Called Strike
2-2: Ball
3-2: Reached on error, E6 (Groundball, 6M)
Eric Knight to third
Batting: RHB William Benton 0-0: SINGLE (Line Drive, 89S)
Eric Knight scores
Pat Fry to third
Runner from 3rd tries for Home, SAFE, throw made home
Batting: LHB Arturo Álvarez 0-0: Called Strike
0-1: Foul Ball, location: 2F
0-2: Ball
1-2: Strikes out looking
Top of the 9th over - 2 run(s), 1 hit(s), 1 error(s), 1 left on base; Indiana 3 - South Florida 4
This league is powered by Out of the Park Baseball, the baseball management simulation game for PC, Mac and Linux
Wednesday, December 2nd, 2015 - OOTP Baseball 16.8 Build 38